 Dungeon Crawl Stone Soup version 0.29.0-4-gdea44cf6ec (webtiles) character file.

Game seed: 2406956416444767377

1607 qw the Cleaver (level 8, -5/48 HPs)
             Began as a Tengu Warper on Aug 28, 2022.
             Slain by a wight
             ... wielding a +0 battleaxe
              (14 damage)
             ... on level 7 of the Dungeon.
             The game lasted 00:00:42 (8238 turns).

qw the Cleaver (Tengu Warper)                       Turns: 8238, Time: 00:00:43

Health: -5/48      AC: 12    Str: 13    XL:     8   Next: 95%
Magic:  12/12      EV:  8    Int: 13    God:
Gold:   400        SH:  6    Dex: 23    Spells: 11/11 levels left

rFire   . . .      SeeInvis .   Y - +1 war axe
rCold   . . .      Faith    .   d - +0 buckler
rNeg    . . .      Spirit   .   m - +1 chain mail {rPois}
rPois   +          Reflect  .   (helmet restricted)
rElec   .          Harm     .   j - +0 cloak
rCorr   .          Rampage  .   r - +0 pair of gloves
Will    +....                   (boots unavailable)
Stlth   ..........              (no amulet)
HPRegen 0.16/turn               a - +6 ring of dexterity
MPRegen 0.13/turn               h - ring of willpower

@: flying quickly and evasively, quick
A: beak, talons 3, nimble flight, agile 1, MP-powered wands
a: no special abilities


You were on level 7 of the Dungeon.
You visited 2 branches of the dungeon, and saw 8 of its levels.

You collected 400 gold pieces.


Innate Abilities, Weirdness & Mutations

You have a beak for a mouth.
You have claws for feet.
Your magical nature lets you fly swiftly and evasively.
You are agile. (Dex +4, Str/Int -1)
You expend magic power (3 MP) to strengthen your wands.


   Skills:
 - Level 4.0 Fighting
 - Level 10.1 Axes
 - Level 1.0 Throwing
 - Level 4.0 Armour
 - Level 3.0 Dodging
 + Level 2.7 Shields
 - Level 2.0 Spellcasting
 - Level 2.4 Translocations


You had 11 spell levels left.
You didn't know any spells.
Your spell library contained the following spells:

 Spells                   Type           Power      Damage    Failure   Level
 Blink                    Tloc           14%        N/A       99%         2
 Gell's Gravitas          Tloc           7%         N/A       100%        3
 Lesser Beckoning         Tloc           7%         N/A       100%        3
 Teleport Other           Tloc           7%         N/A       100%        3
 Manifold Assault         Tloc           7%         N/A       100%        5

Inventory:

Hand Weapons
 s - a +0 morningstar
 Y - a +1 war axe (weapon)
Armour
 d - a +0 buckler (worn)
 j - a +0 cloak (worn)
 m - a +1 chain mail of poison resistance (worn)
 o - a +2 chain mail of cold resistance
 r - a +0 pair of gloves (worn)
Jewellery
 a - a +6 ring of dexterity (left hand)
 g - a ring of ice
 h - a ring of willpower (right hand)
Scrolls
 b - a scroll of identify
 f - a scroll of enchant armour {unknown}
Potions
 c - a potion of curing
 e - 3 potions of resistance
 i - a potion of invisibility {unknown}
 k - a potion of haste {unknown}
 n - a potion of might
 p - a potion of berserk rage {unknown}
 q - a potion of mutation

Dungeon Overview and Level Annotations

Branches:
Dungeon (7/15)             Temple (1/1) D:6

Altars:
Ashenzari
Cheibriados
Dithmenos
Elyvilon
Fedhas
Gozag
Hepliaklqana
Kikubaaqudgha
Makhleb
Nemelex Xobeh
Qazlal
Ru
Sif Muna
Trog
Uskayaw
Vehumet
Xom
Yredelemnul
Zin


Message History

The wight is almost destroyed.
You hit the wight.
8230 ||| Stepping ~*~*~tactically~*~*~ (hiding).
You slash the wight!
You destroy the wight!
Your life force feels restored.
You slash the wight! Your peck misses the wight.
The wight is heavily damaged.
You hit the wight but do no damage. You claw the wight.
Your peck misses the wight.
The wight is heavily damaged.
You hit the wight. You claw the wight. You peck the wight.
The wight is almost destroyed.
You block the wight's attack.
The orc warrior hits you with a +0 scimitar!
The wight hits you but does no damage.
You slash the wight!
You destroy the wight!
You closely miss the orc warrior. You block the orc warrior's attack.
Your Armour skill increases to level 4!
You hit the orc warrior but do no damage.
You claw the orc warrior, but do no damage.
You peck the orc warrior.
The orc warrior is lightly wounded.
You hit the orc. x2
The orc hits you with a +0 whip. You block the orc's attack.
The orc priest mumbles some strange prayers to Beogh against you.
Beogh smites you! The orc warrior barely misses you.
You hit the orc.
You kill the orc!
You hit the orc warrior. You completely miss the orc.
The orc priest calls down the wrath of Beogh upon you.
Beogh smites you! The orc hits you with a +0 club.
The orc warrior hits you with a +0 scimitar.
You hit the wight but do no damage. You claw the wight, but do no damage.
The wight is heavily damaged.
You hit the orc. You hit the orc warrior. You block the orc warrior's attack.
The wight hits you with a +0 battleaxe!
You die...

.. ## ... ...##
#... ......#
#o...
........### #.o.
..........###zo#
..........@#..#
.........zoo.#
............##
............#
............#
............#
...........##
........(..#
...........#


You could see an orc warrior, a wight and an orc.

Vanquished Creatures
  A water moccasin (D:6)
  An orc warrior (D:6)
  A sky beast (D:7)
  2 ogres
  A bullfrog (D:6)
  A necrophage (D:6)
  3 scorpions
  2 wights (D:7)
  3 howler monkeys (D:7)
  3 jellies
  3 hounds
  An iguana (D:7)
  5 orc wizards
  8 adders
  10 gnolls
  A white imp (D:5)
  2 ufetubi
  3 worms
  A dart slug (D:3)
  10 orcs
  A bat (D:2)
  9 endoplasms
  7 giant cockroaches
  4 goblins
  3 hobgoblins
  10 jackals
  7 kobolds
  7 quokkas
  10 ball pythons
  4 frilled lizards
  3 rats
127 creatures vanquished.

Vanquished Creatures (others)
  6 fungi (D:5)
6 creatures vanquished.

Grand Total: 133 creatures vanquished

Notes
Turn   | Place    | Note
-------+----------+-------------------------------------------
     0 | D:1      | qw the Tengu Warper began the quest for the Orb.
     0 | D:1      | Reached XP level 1. HP: 12/12 MP: 4/4
     0 | D:1      | 0 ||| qw: Version: 0.1-a-89-g26bdef1
     0 | D:1      | 0 ||| qw: Game counter: 73
     0 | D:1      | 0 ||| qw: Always use a shield: true
     0 | D:1      | 0 ||| qw: God list: Okawaru
     0 | D:1      | 0 ||| qw: Allow faded altars: false
     0 | D:1      | 0 ||| qw: Do Orc after D:15 true
     0 | D:1      | 0 ||| qw: Do second Lair branch before Depths: true
     0 | D:1      | 0 ||| qw: Lair rune preference: random
     0 | D:1      | 0 ||| qw: Plans: Normal
     0 | D:1      | 0 ||| PLANNING D:1-11
   270 | D:1      | Reached skill level 3 in Axes
   270 | D:1      | Reached XP level 2. HP: 12/17 MP: 6/6
   699 | D:1      | 699 ||| SWAPPING to +0 war axe.
   701 | D:1      | 701 ||| DROPPING +0 hand axe.
  1035 | D:1      | 1035 ||| UPGRADING to +0 buckler.
  1040 | D:1      | 1040 ||| UPGRADING to +0 ring mail.
  1050 | D:1      | 1050 ||| DROPPING +0 leather armour.
  1051 | D:1      | 1051 ||| UPGRADING to +6 ring of dexterity.
  1052 | D:1      | 1052 ||| READING 3 scrolls labelled BOMA DONLUKOAZ.
  1056 | D:1      | 1056 ||| READING scroll labelled CAUDOV BABUTZ.
  1157 | D:1      | 1157 ||| READING scroll labelled LERISUSTILE.
  1158 | D:1      | 1158 ||| DRINKING 3 blue potions.
  1159 | D:1      | 1159 ||| DRINKING 3 fuming silvery potions.
  1260 | D:1      | 1260 ||| DROPPING scroll of blinking.
  1261 | D:1      | 1261 ||| DROPPING 2 potions of brilliance.
  1262 | D:1      | 1262 ||| DROPPING 2 potions of ambrosia.
  1304 | D:2      | Reached skill level 1 in Shields
  1304 | D:2      | Reached XP level 3. HP: 14/21 MP: 7/7
  1327 | D:2      | 1327 ||| FLEEEEING.
  1328 | D:2      | 1328 ||| FLEEEEING.
  1329 | D:2      | 1329 ||| FLEEEEING.
  1330 | D:2      | 1330 ||| FLEEEEING.
  1331 | D:2      | 1331 ||| FLEEEEING.
  1332 | D:2      | 1332 ||| FLEEEEING.
  1333 | D:2      | 1333 ||| FLEEEEING.
  1336 | D:2      | 1336 ||| STAIRDANCE
  1512 | D:2      | 1512 ||| Stepping ~*~*~tactically~*~*~ (hiding).
  1524 | D:2      | HP: 1/21 [gnoll/+0 spear (7)]
  1525 | D:2      | 1525 ||| READING 2 scrolls of teleportation.
  1541 | D:2      | 1541 ||| FLEEEEING.
  1542 | D:2      | 1542 ||| FLEEEEING.
  1543 | D:2      | 1543 ||| FLEEEEING.
  1544 | D:2      | 1544 ||| FLEEEEING.
  1545 | D:2      | 1545 ||| FLEEEEING.
  1546 | D:2      | 1546 ||| STAIRDANCE
  1804 | D:1      | 1804 ||| READING scroll labelled RISEECS TOYNGO.
  1808 | D:2      | Reached skill level 4 in Axes
  1808 | D:2      | 1808 ||| STAIRDANCE
  2021 | D:2      | Reached XP level 4. HP: 26/26 MP: 8/8
  2097 | D:2      | 2097 ||| Stepping ~*~*~tactically~*~*~ (stealth).
  2103 | D:2      | 2103 ||| DROPPING +0 club.
  2385 | D:2      | Found a shimmering blue altar of Sif Muna.
  2543 | D:2      | Found the +3 woodcutter's axe {vorpal}
  2568 | D:2      | 2568 ||| UPGRADING to ring of willpower.
  2569 | D:2      | 2569 ||| READING 2 scrolls of identify.
  2569 | D:2      | 2569 ||| IDENTIFYING fuming white potion
  2570 | D:2      | 2570 ||| DROPPING potion of attraction.
  2592 | D:3      | 2592 ||| PLANNING SEWER
  2593 | D:3      | 2593 ||| STAIRDANCE
  2635 | D:3      | Reached skill level 5 in Axes
  2635 | D:3      | Gained mutation: Your magical nature lets you fly swiftly
                  | and evasively. [Tengu growth]
  2635 | D:3      | Reached XP level 5. HP: 28/30 MP: 9/9
  2665 | D:3      | Found a sacrificial altar of Ru.
  2666 | D:3      | 2666 ||| Stepping ~*~*~tactically~*~*~ (hiding).
  2761 | D:3      | 2761 ||| Stepping ~*~*~tactically~*~*~ (stealth).
  2763 | D:3      | 2763 ||| Stepping ~*~*~tactically~*~*~ (stealth).
  2793 | D:3      | 2793 ||| Stepping ~*~*~tactically~*~*~ (stealth).
  2794 | D:3      | 2794 ||| Stepping ~*~*~tactically~*~*~ (stealth).
  2865 | D:3      | 2865 ||| FLEEEEING.
  2866 | D:3      | 2866 ||| FLEEEEING.
  2867 | D:3      | 2867 ||| FLEEEEING.
  2868 | D:3      | 2868 ||| FLEEEEING.
  2869 | D:3      | 2869 ||| FLEEEEING.
  2871 | D:3      | 2871 ||| STAIRDANCE
  2899 | D:2      | 2899 ||| UPGRADING to +0 scale mail.
  2909 | D:2      | 2909 ||| DROPPING +0 ring mail.
  2919 | D:3      | 2919 ||| STAIRDANCE
  3183 | D:3      | Reached skill level 6 in Axes
  3186 | D:3      | Found a glowing drain.
  3271 | D:3      | 3271 ||| UPGRADING to +1 chain mail of poison resistance.
  3281 | D:3      | 3281 ||| DROPPING +0 scale mail.
  3282 | D:3      | 3282 ||| READING scroll labelled YGUQALEKHLE.
  3283 | D:3      | 3283 ||| READING scroll labelled XEFEERRUIK.
  3284 | D:3      | 3284 ||| READING scroll labelled UCWUKUGUAKK.
  3406 | D:3      | 3406 ||| RIP SEWER
  3406 | D:3      | 3406 ||| PLANNING D:1-11
  3655 | D:3      | 3655 ||| Stepping ~*~*~tactically~*~*~ (stealth).
  3714 | D:3      | 3714 ||| UPGRADING to +0 cloak.
  3719 | D:3      | 3719 ||| READING 2 scrolls labelled QAKUOX XAULAR.
  3850 | D:3      | 3850 ||| DROPPING scroll of torment.
  3954 | D:4      | Reached skill level 3 in Armour
  3954 | D:4      | Reached XP level 6. HP: 35/35 MP: 10/10
  4682 | D:4      | Reached skill level 7 in Axes
  4816 | D:4      | 4816 ||| DROPPING +0 chain mail of poison resistance.
  4817 | D:4      | 4817 ||| DROPPING +6 ring of intelligence.
  4818 | D:4      | 4818 ||| DRINKING 2 yellow potions.
  4819 | D:4      | 4819 ||| DRINKING 2 lumpy red potions.
  4820 | D:4      | 4820 ||| DRINKING 2 white potions.
  4821 | D:4      | 4821 ||| READING 2 scrolls of identify.
  4821 | D:4      | 4821 ||| IDENTIFYING grey potion
  4822 | D:4      | 4822 ||| DROPPING potion of magic.
  4823 | D:4      | 4823 ||| DROPPING potion of flight.
  4851 | D:5      | Entered Level 5 of the Dungeon
  4939 | D:5      | 4939 ||| Stepping ~*~*~tactically~*~*~ (stealth).
  4985 | D:5      | Reached XP level 7. HP: 39/40 MP: 11/11
  5007 | D:5      | Reached skill level 3 in Fighting
  5098 | D:5      | Found a broken altar of Ashenzari.
  5296 | D:5      | HP: 7/41 [ogre/+0 giant club (30)]
  5297 | D:5      | 5297 ||| READING scroll of teleportation.
  5500 | D:5      | 5500 ||| FLEEEEING.
  5501 | D:5      | 5501 ||| FLEEEEING.
  5557 | D:5      | 5557 ||| Stepping ~*~*~tactically~*~*~ (stealth).
  5559 | D:5      | 5559 ||| Stepping ~*~*~tactically~*~*~ (hiding).
  5562 | D:5      | 5562 ||| Stepping ~*~*~tactically~*~*~ (hiding).
  5873 | D:5      | Found a bloodstained altar of Trog.
  6214 | D:5      | Found a hide-covered altar of Uskayaw.
  6221 | D:5      | Found a shimmering altar of Xom.
  6224 | D:5      | Found a radiant altar of Vehumet.
  6282 | D:5      | 6282 ||| READING 2 scrolls labelled OCLUVAI DAAQO.
  6283 | D:5      | 6283 ||| READING scroll labelled ELIACR ACULY.
  6284 | D:5      | 6284 ||| DRINKING 2 fuming pink potions.
  6285 | D:5      | 6285 ||| DRINKING 2 amethyst potions.
  6285 | D:5      | Gained mutation: You are agile. (Dex +4, Str/Int -1)
                  | [potion of mutation]
  6285 | D:5      | Gained mutation: You expend magic power (3 MP) to
                  | strengthen your wands. [potion of mutation]
  6286 | D:5      | 6286 ||| DROPPING scroll of vulnerability.
  6340 | D:6      | 6340 ||| Stepping ~*~*~tactically~*~*~ (stealth).
  6341 | D:6      | 6341 ||| Stepping ~*~*~tactically~*~*~ (stealth).
  6428 | D:6      | 6428 ||| Stepping ~*~*~tactically~*~*~ (stealth).
  6430 | D:6      | 6430 ||| Stepping ~*~*~tactically~*~*~ (hiding).
  6450 | D:6      | 6450 ||| FLEEEEING.
  6467 | D:6      | 6467 ||| FLEEEEING.
  6468 | D:6      | 6468 ||| FLEEEEING.
  6469 | D:6      | 6469 ||| FLEEEEING.
  6470 | D:6      | 6470 ||| FLEEEEING.
  6471 | D:6      | 6471 ||| FLEEEEING.
  6472 | D:6      | 6472 ||| FLEEEEING.
  6595 | D:6      | Reached skill level 8 in Axes
  6607 | D:6      | 6607 ||| Stepping ~*~*~tactically~*~*~ (stealth).
  6609 | D:6      | 6609 ||| Stepping ~*~*~tactically~*~*~ (hiding).
  6610 | D:6      | 6610 ||| Stepping ~*~*~tactically~*~*~ (hiding).
  6611 | D:6      | 6611 ||| Stepping ~*~*~tactically~*~*~ (hiding).
  6623 | D:6      | Reached XP level 8. HP: 26/46 MP: 12/12
  6946 | D:6      | 6946 ||| DROPPING +0 flail.
  7061 | D:6      | Found a shadowy altar of Dithmenos.
  7068 | D:6      | 7068 ||| Stepping ~*~*~tactically~*~*~ (stealth).
  7075 | D:6      | Reached skill level 9 in Axes
  7277 | D:6      | Reached skill level 3 in Dodging
  7582 | D:6      | 7582 ||| Stepping ~*~*~tactically~*~*~ (stealth).
  7707 | D:6      | Found a staircase to the Ecumenical Temple.
  7708 | D:6      | 7708 ||| PLANNING TEMPLE
  7708 | D:6      | 7708 ||| UPGRADING to +0 pair of gloves.
  7713 | D:6      | 7713 ||| READING scroll labelled OTACEL VUITSUWN.
  7722 | Temple   | Entered the Ecumenical Temple
  7908 | Temple   | 7908 ||| PLANNING D:1-11
  8050 | D:6      | Found a blossoming altar of Fedhas.
  8207 | D:7      | Reached skill level 10 in Axes
  8218 | D:7      | 8218 ||| Stepping ~*~*~tactically~*~*~ (hiding).
  8230 | D:7      | 8230 ||| Stepping ~*~*~tactically~*~*~ (hiding).
  8237 | D:7      | HP: 11/48 [orc priest/divine providence (9)]
  8238 | D:7      | Slain by a wight

Levels and vault maps discovered:
D:1:      kilobyte_arrival_exit_the_forest, layout_basic
D:2:      layout_rooms, basic_altar, serial_forest, infiniplex_forest_corner_1,
          infiniplex_forest_zigzag_1, infiniplex_forest_corner_1,
          infiniplex_forest_lined_room_2, chequers_jeans, cheibrodos_gnoll_hut
D:3:      layout_rooms, nicolae_ru_great_annihilating_truth,
          gup_sewer_entry_pipe, hangedman_decor_growths
D:4:      layout_gridville
D:5:      layout_loops_corners, nicolae_ashenzari_skybound,
          mainiacjoe_overflow_boulevard, minmay_overflow_temple_star_quad,
          hangedman_abyss_or_decor_passed
D:6:      layout_loops_ring, nicolae_dithmenos_the_darkroom,
          lemuel_coloured_pillars_altar, minmay_temple_entry_offerings,
          hangedman_abyss_or_decor_jellyfish_corner,
          chequers_serial_rivers_micro_e, chequers_serial_rivers_room_b
D:7:      layout_cave_pods, minmay_misc_feat_five, uniq_menkaure
Temple:   grunt_temple_mini_profane

Skill      XL: |  1  2  3  4  5  6  7  8 |
---------------+-------------------------+-----
Axes           | 3 4 5 6 7 8 10 | 10.1
Shields        | 1 2 |  2.7
Armour         | 3 4 |  4.0
Fighting       | 3 4 |  4.0
Dodging        | 3 |  3.0
Throwing       | |  1.0
Spellcasting   | |  2.0
Translocations | |  2.4

Action                   |  1- 3 |  4- 6 |  7- 9 || total
-------------------------+-------+-------+-------++-------
Melee: Hand axe          |    18 |       |       ||    18
       Kick              |     8 |    36 |    51 ||    95
       War axe           |    42 |   143 |   146 ||   331
       Peck              |     5 |    22 |    33 ||    60
Throw: Boomerang         |     7 |       |       ||     7
  Use: Scroll            |     5 |     6 |     4 ||    15
       Potion            |     2 |     3 |     2 ||     7
 Stab: Invisible         |       |     1 |       ||     1
Armor: Leather armour    |    10 |       |       ||    10
       Ring mail         |     6 |    12 |       ||    18
       Scale mail        |       |    10 |       ||    10
       Chain mail        |       |    19 |    55 ||    74
Dodge: Dodged            |    34 |    62 |    41 ||   137
Block: Buckler           |     1 |    19 |    41 ||    61

Table legend:
 A = Non-vault XP
 B = Vault XP
 C = Vault XP percentage of total XP
 D = Non-vault monster count
 E = Vault monster count
 F = Vault count percentage of total count
                 A         B        C        D         E       F
            +---------+---------+-------+---------+---------+-------
      Total |    2224 |      72 |   3.1 |     113 |      14 |  11.0
            +---------+---------+-------+---------+---------+-------
        D:1 |      21 |       0 |   0.0 |      12 |       0 |   0.0
        D:2 |     106 |      18 |  14.5 |      25 |       3 |  10.7
        D:3 |      94 |      54 |  36.5 |      18 |      11 |  37.9
        D:4 |     289 |       0 |   0.0 |      15 |       0 |   0.0
        D:5 |     380 |       0 |   0.0 |      14 |       0 |   0.0
        D:6 |     851 |       0 |   0.0 |      21 |       0 |   0.0
        D:7 |     483 |       0 |   0.0 |       8 |       0 |   0.0
            +---------+---------+-------+---------+---------+-------
